Map: Iron Fortress LE (Void)

Players

Bop

  • Race: Zerg Zerg

gopher - Winner!

  • Race: Zerg Zerg

VOD

Have the link to the VOD?

Description

Time

  • Played on: May 6, 2015, 3:19 a.m.
  • Length: 6:47
Show
View Real Time Build Order
Export as new Build Order

Bop Zerg 

Build Orders: Hatch First 

Get SALT Encoding   

  12  0:01  Drone  
  13  0:13  Overlord  
  13  0:19  Drone  
  14  0:32  Drone x2  
  16  0:36  Drone  
  17  0:48  Drone  
  18  0:57  Drone  
  18  1:01  Hatchery  
  18  1:07  Drone, Extractor  
  18  1:16  Spawning Pool  
  18  1:18  Drone  
  18  1:30  Drone  
  19  1:42  Overlord  
  19  1:50  Drone  
  20  2:03  Queen  
  22  2:13  Zergling x6  
  22  2:15  Metabolic Boost  
  25  2:16  Queen  
  27  2:26  Zergling x4  
  28  2:36  Zergling x2  
  29  2:43  Zergling x2  
  27  2:47  Zergling x4  
  27  2:56  Zergling x2  
  26  3:04  Zergling x2  
  26  3:08  Zergling x4  
  28  3:15  Zergling x2  
  28  3:16  Zergling x6  
  30  3:22  Overlord  
  23  3:43  Baneling Nest  
  23  3:45  Zergling x4  
  24  3:51  Zergling x2  
  24  3:54  Zergling x2  
  24  4:00  Zergling x4  
  21  4:10  Zergling x2  
  21  4:16  Zergling x2  
  20  4:27  Zergling x2  
  20  4:28  Zergling x4  
  20  4:42  Zergling x2  
  18  4:49  Zergling x4  
  18  4:52  Baneling  
  18  4:53  Baneling  
  18  4:58  Zergling x2  
  19  5:00  Baneling  
  19  5:05  Zergling x2  
  19  5:10  Zergling x2  
  20  5:23  Zergling x4  
  22  5:32  Zergling x4  
  24  5:38  Zergling x2  
  25  5:44  Baneling x2  
  25  5:51  Zergling x2  
  26  6:03  Zergling x6  
  24  6:11  Zergling x2  
Show
View Real Time Build Order
Export as new Build Order

gopher Zerg - Winner!

Build Orders: Pool First 

Get SALT Encoding   

  12  0:01  Drone  
  13  0:09  Drone  
  13  0:11  Extractor  
  13  0:16  Drone  
  14  0:33  Spawning Pool  
  13  0:36  Drone  
  14  0:44  Extractor  
  14  0:45  Drone  
  15  0:54  Overlord  
  15  1:19  Zergling x6  
  15  1:20  Metabolic Boost  
  18  1:28  Queen  
  18  1:30  Zergling x2  
  21  1:42  Zergling x2  
  22  1:51  Extractor  
  22  1:52  Zergling x2  
  23  1:58  Hatchery  
  22  2:04  Overlord  
  22  2:27  Zergling x4  
  23  2:38  Zergling x10  
  28  2:48  Zergling x2  
  25  3:14  Zergling x10  
  25  3:18  Overlord  
  27  3:31  Zergling x2  
  26  3:37  Queen  
  27  3:42  Zergling x2  
  27  3:44  Zergling x6  
  30  3:52  Zergling x10  
  33  4:10  Zergling x6  
  31  4:18  Zergling x4  
  32  4:29  Zergling x4  
  32  4:30  Zergling x6  
  32  4:51  Drone x2  
  31  5:02  Drone x5  
  31  5:03  Zergling x2  
  31  5:04  Zergling x8  
  40  5:18  Overlord  
  40  5:19  Drone  
  40  5:20  Drone  
  41  5:42  Zergling x16  
  47  5:51  Zergling x6  
  46  5:59  Zergling x4  
  29  6:21  Zergling x6  
Tags
 
Add a new tag
Caveats
  • Supply blocks, unpowered buildings, or Contaminate may cause inaccurate times.
  • Supply counts are checked every 10 seconds.